 Dungeon Crawl Stone Soup version 0.31-a0-473-g61b50ae490 (webtiles) character file.

Game seed: 18048942935351769906

934 hashsling the Trooper (level 8, -3/67 HPs)
             Began as a Human Necromancer on Aug 6, 2023.
             Killed from afar by an electric eel (13 damage)
             ... with a bolt of electricity
             ... on level 6 of the Dungeon.
             The game lasted 00:11:33 (3811 turns).

hashsling the Trooper (Human Necromancer)           Turns: 3811, Time: 00:11:34

Health: -3/67      AC:  6    Str:  8    XL:     8   Next: 33%
Magic:  12/23      EV: 13    Int: 17    God:
Gold:   206        SH:  0    Dex: 15    Spells: 3/11 levels left

rFire   . . .        h - +4 dagger (venom)
rCold   + + .        u - orb {mayhem}
rNeg    . . .        m - +2 robe of Dush {Rampage rC++ SInv Stlth+}
rPois   .            e - +0 helmet
rElec   .            (no cloak)
rCorr   .            x - +0 pair of gloves
SInv    +            (no boots)
Will    .....        E
                       - Hermit's Pendant {Faith Invo=14 Evo=0 MP+5}
Stlth   +++          (no ring)
HPRegen 0.31/turn    (no ring)
MPRegen 0.18/turn

%: mayhem, rampage, faith
@: no status effects
A: no striking features
a: no special abilities


You were on level 6 of the Dungeon.
You visited 1 branch of the dungeon, and saw 6 of its levels.

You collected 239 gold pieces.
You spent 33 gold pieces at shops.

Inventory:

Hand Weapons
 h - a +4 dagger of venom (weapon)
 C - a +1 vampiric dagger
Missiles
 o - 2 curare-tipped darts
 p - 5 datura-tipped darts
 B - 17 poisoned darts
Armour
 e - a +0 helmet (worn)
 m - the +2 robe of Dush (worn) {Rampage rC++ SInv Stlth+}
   (You found it on level 2 of the Dungeon)

   rC:        It greatly protects you from cold.
   SInv:      It lets you see invisible.
   Rampage:   It bestows one free step when moving towards enemies.
   Stlth:     It makes you more stealthy.
 s - a +2 robe of willpower
 u - an orb of mayhem (worn)
 x - a +0 pair of gloves (worn)
Jewellery
 c - a ring of see invisible
 E - the Hermit's Pendant (around neck) {Faith Invo=14 Evo=0 MP+5}
   (You found it on level 6 of the Dungeon)

   [amulet of faith]

   Invo=14: It sets your Invocations skill to 14.
   Evo=0: It sets your Evocations skill to 0.
   It allows you to gain divine favour quickly.
   MP:        It affects your magic capacity (+5).
Wands
 D - a wand of paralysis (13)
Scrolls
 a - a scroll of acquirement {unknown}
 d - 2 scrolls of identify {unknown}
 f - 4 scrolls of amnesia {unknown}
 i - 4 scrolls of noise {unknown}
 j - a scroll of summoning {unknown}
 t - 3 scrolls of fear {unknown}
 w - 2 scrolls of revelation {unknown}
 y - a scroll of fog {unknown}
 z - a scroll of teleportation {unknown}
 A - 3 scrolls of enchant armour {unknown}
Potions
 b - a potion of magic
 g - a potion of resistance {unknown}
 k - a potion of lignification {unknown}
 n - a potion of heal wounds {unknown}
 q - a potion of haste {unknown}
 v - a potion of invisibility {unknown}


   Skills:
 + Level 7.1 Fighting
 * Level 1.8 Short Blades
 - Level 3.0 Dodging
 - Level 2.0 Stealth
 - Level 2.0 Spellcasting
 + Level 5.9 Necromancy


You had 3 spell levels left.
You knew the following spells:

 Your Spells              Type           Power      Damage    Failure   Level
a - Necrotise             Necr           84%        1d8       1%          1
b - Vampiric Draining     Necr           21%        2d7       4%          3
c - Animate Dead          Necr           21%        N/A       17%         4

Your spell library contained the following spells:

 Spells                   Type           Power      Damage    Failure   Level
 Agony                    Necr           21%        N/A       43%         5


Dungeon Overview and Level Annotations

Branches:
Dungeon (6/15)
 Temple: D:4-7

Altars:
Wu Jian

Shops:
D:3 !


Message History

You see here the Hermit's Pendant {Faith Invo=14 Evo=0 MP+5}.
E - the Hermit's Pendant {Faith Invo=14 Evo=0 MP+5} You start putting on your amulet.
You continue putting on the Hermit's Pendant {Faith Invo=14 Evo=0 MP+5}. x4
The electric eel shoots out a bolt of lightning at you!
The bolt of electricity hits you!
You continue putting on the Hermit's Pendant {Faith Invo=14 Evo=0 MP+5}.
The electric eel shoots out a bolt of lightning at you!
The bolt of electricity hits you!
The electric eel shoots out a bolt of lightning at you!
The bolt of electricity hits you.
You finish putting on the Hermit's Pendant {Faith Invo=14 Evo=0 MP+5}.
You feel a strange surge of divine interest.
E - the Hermit's Pendant (around neck) {Faith Invo=14 Evo=0 MP+5} You drop an amulet of faith.
The electric eel shoots out a bolt of lightning at you!
The bolt of electricity hits you!
The electric eel shoots out a bolt of lightning at you!
The bolt of electricity hits you!
The electric eel shoots out a bolt of lightning at you!
The bolt of electricity hits you!
* * * LOW HITPOINT WARNING * * *
The electric eel shoots out a bolt of lightning at you!
The bolt of electricity misses you. The bolt of electricity hits you!
* * * LOW HITPOINT WARNING * * *
The electric eel shoots out a bolt of lightning at you!
The bolt of electricity hits you.
* * * LOW HITPOINT WARNING * * *
You feel better.
The electric eel shoots out a bolt of lightning at you!
The bolt of electricity hits you!
* * * LOW HITPOINT WARNING * * *
You feel better.
The electric eel shoots out a bolt of lightning at you!
The bolt of electricity hits you!
* * * LOW HITPOINT WARNING * * *
You feel better.
The electric eel shoots out a bolt of lightning at you!
The bolt of electricity hits you!
You die...

#.# #.# #.# #.# #.#
#### . #.# ....## ..
##.#####.~≈≈~≈# ...
#....@...S###≈#
..####..###.##≈≈≈≈≈#
...#..# #...~≈#≈
###.#.## ###.~≈#
#.....# #"~≈#
#...###.# #.S≈≈≈≈#
... ###.# ##~###≈# .
#...### ≈≈ # #.#...#
###


You could see 2 electric eels.

Vanquished Creatures
  Sigmund (D:3)
  A sky beast (D:5)
  An ice beast (D:5)
  A black bear (D:5)
  A kobold brigand (D:5)
  2 scorpions (D:5)
  2 hounds
  A jelly (D:5)
  Jessica (D:3)
  3 orc wizards (D:5)
  4 adders
  2 dart slugs
  3 orcs (D:5)
  7 ball pythons
  4 bats
  3 endoplasms
  A giant cockroach (D:2)
  4 goblins
  4 hobgoblins
  A jackal (D:2)
  6 kobolds
  2 quokkas
  3 frilled lizards
  A rat (D:1)
59 creatures vanquished.

Vanquished Creatures (collateral kills)
  An iguana (D:4)
  A jackal (D:2)
  A ball python (D:4)
  2 kobolds
5 creatures vanquished.

Grand Total: 64 creatures vanquished

Notes
Turn   | Place    | Note
-------+----------+-------------------------------------------
     0 | D:1      | hashsling the Human Necromancer began the quest for the
                  | Orb.
     0 | D:1      | Reached XP level 1. HP: 13/13 MP: 3/3
   122 | D:1      | Reached skill level 1 in Fighting
   188 | D:1      | Reached XP level 2. HP: 20/22 MP: 0/5
   835 | D:2      | Reached skill level 2 in Fighting
   888 | D:2      | Reached XP level 3. HP: 21/28 MP: 3/6
  1014 | D:2      | Identified the +2 robe of Dush {Rampage rC++ SInv Stlth+}
  1551 | D:3      | Learned a level 3 spell: Vampiric Draining
  1587 | D:3      | Reached skill level 3 in Fighting
  1657 | D:3      | Found Feig's Distillery.
  1662 | D:3      | Bought a potion of curing for 33 gold pieces
  1677 | D:3      | Noticed Sigmund
  1694 | D:3      | Killed Sigmund
  1695 | D:3      | Reached skill level 5 in Fighting
  1695 | D:3      | Reached XP level 4. HP: 31/39 MP: 0/7
  1695 | D:3      | Reached XP level 5. HP: 35/44 MP: 0/8
  1695 | D:3      | Reached XP level 6. HP: 40/51 MP: 0/9
  1773 | D:3      | Noticed Jessica
  1775 | D:3      | Killed Jessica
  2148 | D:4      | Found an ornate altar of the Wu Jian Council.
  2154 | D:4      | Learned a level 4 spell: Animate Dead
  2836 | D:5      | Entered Level 5 of the Dungeon
  2900 | D:5      | Noticed a sky beast
  2906 | D:5      | Killed a sky beast
  2907 | D:5      | Reached skill level 6 in Fighting
  2907 | D:5      | Reached XP level 7. HP: 58/58 MP: 6/10
  3069 | D:5      | Reached skill level 5 in Necromancy
  3321 | D:5      | Reached XP level 8. HP: 61/65 MP: 3/11
  3595 | D:5      | Reached skill level 7 in Fighting
  3595 | D:5      | Reached skill level 1 in Short Blades
  3793 | D:6      | Found the Hermit's Pendant {Faith Invo=14 Evo=0 MP+5}
  3808 | D:6      | HP: 3/67 [electric eel/bolt of electricity (13)]
  3811 | D:6      | Killed from afar by an electric eel

Illustrated notes

Levels and vault maps discovered:
D:1:      dpeg_arrival_ternary, layout_basic
D:2:      layout_loops_ring
D:3:      layout_rooms, serial_shops, shop, uniq_sigmund, uniq_jessica
D:4:      layout_cave_pools, tgw_fedhas, nicolae_wu_jian_wuxing_cycle
D:5:      layout_loops_cross
D:6:      minmay_skewed_foursquare, layout_basic, mainiacjoe_overflow_big_doors,
          minmay_temple_entry_mist, solitary_fountain, grunt_ministairs_14,
          minmay_crystal_water, st_stairs_6, uniq_edmund, uniq_pikel,
          uniq_grinder

Skill      XL: |  1  2  3  4  5  6  7  8 |
---------------+-------------------------+-----
Fighting       | 1 2 5 6 7 |  7.1
Necromancy     | 5 |  5.9
Dodging        | 3 |  3.0
Short Blades   | 1 |  1.8
Stealth        | |  2.0
Spellcasting   | |  2.0

Action                     |  1- 3 |  4- 6 |  7- 9 || total
---------------------------+-------+-------+-------++-------
  Melee: Spear             |    21 |       |       ||    21
         Dagger            |    29 |    17 |    26 ||    72
   Cast: Necrotise         |    32 |    29 |    45 ||   106
    Use: Potion            |       |       |     3 ||     3
   Stab: Sleeping          |     3 |       |       ||     3
 Armour: Robe              |    15 |     7 |    11 ||    33
  Dodge: Dodged            |    24 |    20 |    19 ||    63

Table legend: (Time is in decaauts)
 A = Elapsed time spent in this place.
 B = Non-inter-level travel time spent in this place.
 C = Inter-level travel time spent in this place.
 D = Time resting spent in this place.
 E = Time spent auto-exploring this place.
 F = Levels seen in this place.
 G = Mean time per level.
                   A        B        C        D        E       F      G
               +--------+--------+--------+--------+--------+-----+--------+
         Total |   3810 |   3684 |    126 |      0 |   3138 |   6 |  635.0 |
       Dungeon |   3810 |   3684 |    126 |      0 |   3138 |   6 |  635.0 |
               +--------+--------+--------+--------+--------+-----+--------+

Top non-repeatable levels by time:
     D:5: 920 daAuts
     D:1: 810 daAuts
     D:3: 700 daAuts
     D:4: 687 daAuts
     D:2: 637 daAuts
     D:6: 53 daAuts
